AoeStats
← TIMVP

MegaRandom

509109044Analyzed
3v3 RM · 7d ago on Sep 25, 2026· 53m 35s· 6 players
Game mode
Random Map
Map size
Normal (6 player)
Population
200
Speed
Normal
Resources
Standard
Victory
Conquest
Starting age
Dark Age
Ending age
Imperial Age
RankedLock teamsTeams togetherTeam positionsShared explorationLock speedFull tech treeHidden civsTurbo modeCheats
Victory
Defeat
🇵🇪 Danes · Peru
721
+13
🇵🇪 Burmese · Peru
711
+14
🇨🇱 Celts · Chile
665
+16
🇨🇳 Poles · China
742
-18
🇨🇳 Tatars · China
691
-15
🇨🇳 Franks · China
552
-10
蝙蝠汤7分糖
13:47 Feudal Age
18:55 Castle Age
18:23 Fletching
18:34 Padded Archer Armor
18:28 Double-Bit Axe
18:36 Gold Mining
20:17 Bodkin Arrow
25:05 Bloodlines
24:56 Husbandry
31:24 Light Cavalry
33:07 Leather Archer Armor
34:49 Forging
38:41 Iron Casting
38:12 Scale Barding Armor
40:53 Gold Shaft Mining
41:58 Silk Armor
44:55 Imperial Age
48:28 Heavy Cavalry Archer
50:49 Ballistics
50:37 Siege Engineers
石头哥
12:36 Feudal Age
13:06 Double-Bit Axe
16:20 Horse Collar
27:37 Castle Age
25:48 Scale Barding Armor
25:53 Forging
26:56 Bloodlines
27:28 Stone Mining
27:30 Gold Mining
28:11 Light Cavalry
28:56 Husbandry
32:30 Bow Saw
34:26 Stone Shaft Mining
35:07 Iron Casting
34:53 Chain Barding Armor
44:30 Imperial Age
42:38 Wheelbarrow
44:55 Szlachta Privileges
47:18 Winged Hussar
48:31 Hand Cart
47:52 Cavalier
49:11 Conscription
51:34 Elite Obuch
RICH
5:12 Loom
14:21 Feudal Age
14:58 Double-Bit Axe
16:55 Wheelbarrow
17:08 Stone Mining
25:59 Castle Age
25:23 Scale Barding Armor
25:31 Forging
29:59 Light Cavalry
35:31 Husbandry
37:57 Hand Cart
38:16 Bow Saw
42:28 Chain Barding Armor
48:51 Ordonnance Companies
A†ilA
14:49 Feudal Age
16:10 Wheelbarrow
16:11 Horse Collar
22:36 Castle Age
27:39 Imperial Age
28:02 Scale Barding Armor
30:43 Fletching
30:53 Padded Archer Armor
34:08 Gambesons
33:44 Man-at-Arms
34:30 Squires
33:50 Pikeman
39:11 Halberdier
45:35 Conscription
46:01 Hand Cart
51:23 Capped Ram
TIMVP
12:06 Feudal Age
11:49 Loom
12:43 Double-Bit Axe
14:29 Wheelbarrow
20:00 Castle Age
18:14 Horse Collar
18:47 Stone Mining
20:00 Man-at-Arms
20:44 Scale Mail Armor
22:26 Chain Mail Armor
34:44 Imperial Age
32:20 Pikeman
33:48 Forging
34:20 Squires
35:55 Iron Casting
35:04 Capped Ram
36:06 Halberdier
38:14 Hand Cart
39:06 Long Swordsman
41:25 Plate Mail Armor
41:56 Blast Furnace
42:41 Bow Saw
42:32 Hamask
43:13 Siege Ram
45:00 Elite Jomsviking
49:49 Heavy Plow
49:17 Onager
Takhyom
11:40 Feudal Age
12:10 Double-Bit Axe
14:31 Horse Collar
17:35 Gold Mining
17:37 Stone Mining
21:20 Wheelbarrow
20:36 Loom
24:08 Castle Age
23:34 Fletching
23:45 Padded Archer Armor
24:58 Crossbowman
25:35 Bodkin Arrow
26:23 Leather Archer Armor
26:29 Hand Cart
26:38 Bow Saw
26:29 Heavy Plow
29:40 Forging
30:24 Stronghold
30:04 Pikeman
30:30 Arson
31:29 Ballistics
35:50 Gambesons
39:10 Imperial Age
37:41 Iron Casting
37:07 Scale Mail Armor
39:01 Gold Shaft Mining
39:03 Stone Shaft Mining
38:37 Scale Barding Armor
39:35 Coinage
41:36 Banking
41:13 Caravan
41:30 Guilds
41:43 Fervor
42:07 Chain Mail Armor
41:47 Town Watch
42:47 Masonry
42:33 Murder Holes
43:10 Elite Woad Raider
44:23 Plate Mail Armor
45:18 Conscription
46:05 Blast Furnace
46:06 Chain Barding Armor
46:06 Town Patrol
47:12 Chemistry
46:19 Siege Engineers
47:36 Ring Archer Armor
53:58 Hoardings
Connection lost

Rejoining the realm…

Still unreachable

The connection could not be restored.

Session expired

The server has moved on; the page needs a fresh start.